 Dungeon Crawl Stone Soup version 0.29.1-1-gd02db6906a (webtiles) character file.

Game seed: 15028521998082105267

97 H0rd4k the Insei (level 4, 0/28 HPs)
             Began as an Octopode Transmuter on Oct 17, 2022.
             Slain by an orc wizard
             ... wielding a +0 dagger
              (2 damage)
             ... on level 3 of the Dungeon.
             The game lasted 00:02:08 (2593 turns).

H0rd4k the Insei (Octopode Transmuter)              Turns: 2593, Time: 00:02:08

Health: 0/28       AC:  1    Str:  9    XL:     4   Next: 68%
Magic:  7/7        EV: 13    Int: 17    God:
Gold:   158        SH:  0    Dex: 12    Spells: 6/7 levels left

rFire   . . .      SeeInvis .     - Unarmed
rCold   . . .      Faith    .   (no shield)
rNeg    . . .      Spirit   .   (helmet currently unavailable)
rPois   .          Reflect  .   (no amulet)
rElec   .          Harm     .   (no ring)
rCorr   .          Rampage  .   (no ring)
Will    .....                   (no ring)
Stlth   +++.......              (no ring)
HPRegen 0.09/turn               (no ring)
MPRegen 0.10/turn               (no ring)
                                (no ring)
                                (no ring)

@: appendages
A: tentacle spike 3, almost no armour, amphibious, 8 rings, camouflage 1,
gelatinous body 1, (nimble swimmer 1), tentacles
a: End Transformation


You were on level 3 of the Dungeon.
One of your tentacles had grown a beastly spike.
You visited 1 branch of the dungeon, and saw 3 of its levels.

You collected 158 gold pieces.

Inventory:

Wands
 g - a wand of flame (21)
Scrolls
 c - 2 scrolls of teleportation {unknown}
 d - 3 scrolls of identify {unknown}
 h - a scroll of enchant weapon {unknown}
 i - a scroll of brand weapon {unknown}
 k - a scroll of noise {unknown}
 l - a scroll of acquirement {unknown}
 m - a scroll of poison {unknown}
 o - a scroll of magic mapping {unknown}
Potions
 a - a potion of lignification
 b - a potion of might {unknown}
 e - a potion of resistance {unknown}
 f - 3 potions of curing {unknown}
 j - 2 potions of haste {unknown}
 n - a potion of heal wounds {unknown}


   Skills:
 + Level 1.0 Fighting
 + Level 2.3 Dodging
 + Level 2.8 Stealth
 + Level 4.3 Unarmed Combat
 + Level 2.2 Spellcasting
 + Level 2.1 Transmutations


You had 6 spell levels left.
You knew the following spells:

 Your Spells              Type           Power      Damage    Failure   Level
a - Beastly Appendage     Tmut           18%        N/A       8%          1

Your spell library contained the following spells:

 Spells                   Type           Power      Damage    Failure   Level
 Wereblood                Tmut           9%         N/A       12%         2
 Magic Dart               Conj           4%         1d3       19%         1
 Scorch                   Fire           2%         2d5       28%         2
 Searing Ray              Conj           2%         2d4       28%         2
 Spider Form              Tmut/Pois      5%         N/A       36%         3
 Ice Form                 Ice/Tmut       5%         N/A       77%         4
 Flame Wave               Conj/Fire      1%         2d4       88%         4
 Fulminant Prism          Conj/Hex       0%         3d6       88%         4
 Summon Cactus Giant      Summ           0%         N/A       100%        6
 Borgnjor's Revivificati  Necr           0%         N/A       100%        8
 Necromutation            Tmut/Necr      2%         N/A       100%        8
 Death's Door             Necr           0%         N/A       100%        9


Dungeon Overview and Level Annotations

Branches:
Dungeon (3/15)

Altars:
Kikubaaqudgha

Annotations:
D:2 exclusion: downstairs


Innate Abilities, Weirdness & Mutations

One of your tentacles has grown a beastly spike.
You cannot wear most types of armour.
You are amphibious.
You can wear up to eight rings at the same time.
Your skin changes colour to match your surroundings (Stealth+).
Your rubbery body absorbs attacks. (AC +1, EV +1)
((You are camouflaged when in or above water. (Stealth+)))
You have tentacles for arms and can constrict up to eight enemies at once.


Message History

Something hits you.
You tentacle-slap something. You squeeze something! Something hits you.
You miss something.
You hear some strange, mumbled words.
A magic dart appears from out of thin air!
The magic dart hits you!
You miss something.
Your tentacle spike misses something.
Your squeeze misses something. Something hits you.
* * * LOW HITPOINT WARNING * * *
The orc wizard gestures wildly while chanting.
The orc wizard flickers and vanishes!
You closely miss something.
Your tentacle spike misses something.
Something hits you.
* * * LOW HITPOINT WARNING * * *
You miss something.
Your tentacle spike misses something.
You tentacle-slap the orc. You grab the orc.
You pierce the orc.
The orc is almost dead.
You constrict the orc.
You kill the orc!
Aiming: Throw Flame
Press: ? - help, Shift-Dir - straight line, f - orc
Aim: an orc, wielding a +0 whip and wearing a +0 leather armour (68% to hit)
The puff of flame hits something.
Reactivating autopickup.
You feel a bit more experienced.
Your Unarmed Combat skill increases to level 4!
Aiming: Throw Flame
Press: ? - help, Shift-Dir - straight line, f/p - orc
Aim: an orc, wielding a +0 whip and wearing a +0 leather armour (68% to hit)
The puff of flame hits something.
Something hits you.
* * * LOW HITPOINT WARNING * * *
Deactivating autopickup; reactivate with Ctrl-A.
Unknown command.
Aiming: Throw Flame
Press: ? - help, Shift-Dir - straight line, f/p - orc
Aim: an orc, wielding a +0 whip and wearing a +0 leather armour (68% to hit)
The puff of flame hits the orc!
You kill the orc!
Something hits you.
You die...

...##.........####.#
#############......#
##.#.###
########.#.#
#........#.#
........##.#
........##.#
#.......##.#
........##@#
(..>....##)#
........##)# ###
.########.o# #.. #
#.## ..####. #.
..#....# .. ....##..
## .......#


You could see an orc.

Vanquished Creatures
  An orc wizard (D:3)
  2 adders (D:2)
  A dart slug (D:3)
  2 orcs (D:3)
  5 bats
  6 endoplasms
  3 giant cockroaches
  3 goblins
  4 hobgoblins
  3 quokkas
  6 ball pythons
  5 frilled lizards
  7 kobolds
  3 rats (D:1)
51 creatures vanquished.

Notes
Turn   | Place    | Note
-------+----------+-------------------------------------------
     0 | D:1      | H0rd4k the Octopode Transmuter began the quest for the Orb.
     0 | D:1      | Reached XP level 1. HP: 13/13 MP: 3/3
   259 | D:1      | Reached XP level 2. HP: 12/18 MP: 5/5
   598 | D:1      | Found a faded altar of an unknown god.
  1174 | D:1      | Reached XP level 3. HP: 23/23 MP: 6/6
  1881 | D:2      | Reached skill level 1 in Stealth
  2296 | D:2      | Reached XP level 4. HP: 28/28 MP: 5/7
  2340 | D:3      | Noticed a black bear
  2541 | D:3      | Found an ancient bone altar of Kikubaaqudgha.
  2592 | D:3      | Reached skill level 4 in Unarmed Combat
  2593 | D:3      | Slain by an orc wizard

Illustrated notes

Levels and vault maps discovered:
D:1:      scummos_arrival_star, layout_loops_corners,
          nicolae_ecumenical_snake_handling, st_stairs_3,
          chequers_serial_rivers_large_b
D:2:      layout_loops_ring
D:3:      layout_rooms, nicolae_kikubaaqudgha_miasma_corner,
          nicolae_overflow_hidden_temple, lemuel_zombie_altar_yredelemnul,
          hangedman_abyss_or_decor_stabs

Skill      XL: |  1  2  3  4 |
---------------+-------------+-----
Stealth        | 2 |  2.8
Unarmed Combat | 4 |  4.3
Fighting       | |  1.0
Dodging        | |  2.3
Spellcasting   | |  2.2
Transmutations | |  2.1

Action                   |  1- 3 |  4- 6 || total
-------------------------+-------+-------++-------
Melee: Unarmed           |    90 |    19 ||   109
       Constrict         |    24 |     2 ||    26
       Tentacles         |    16 |     2 ||    18
       Punch             |     6 |     1 ||     7
       Kick              |     3 |     1 ||     4
 Cast: Beastly Appendage |     2 |     1 ||     3
Evoke: Wand              |       |     3 ||     3
 Stab: Sleeping          |     9 |     3 ||    12
Armor: Skin              |     7 |       ||     7
Dodge: Dodged            |    64 |     2 ||    66
